 Dungeon Sprint DCSS version 0.29-a0-563-g64e4043184 (webtiles) character file.

Game seed: 2694251123834504184

162 mhtbhm the Ruffian (level 4, -2/35 HPs)
             Began as a Demigod Transmuter on June 11, 2022.
             Slain by an unseen horror (8 damage)
             ... in the Dungeon (Sprint IX: "|||||||||||||||||||||||||||||").
             The game lasted 00:00:28 (112 turns).

mhtbhm the Ruffian (Demigod Transmuter)              Turns: 112, Time: 00:00:29

Health: -2/35      AC:  2    Str: 15    XL:     4   Next: 99%
Magic:  12/12      EV: 13    Int: 15    God:
Gold:   0          SH:  0    Dex: 14    Spells: 9/10 levels left

rFire   . . .      SeeInvis .     - Unarmed
rCold   . . .      Faith    .   (no shield)
rNeg    . . .      Spirit   .   a - +0 robe
rPois   .          Reflect  .   (no helmet)
rElec   .          Harm     .   (no cloak)
rCorr   .          Rampage  .   (no gloves)
Will    .....      NoTele   +   (no boots)
Stlth   ++........              (no amulet)
HPRegen 0.11/turn               (no ring)
MPRegen 0.13/turn               (no ring)

@: no status effects
A: high MP 1, forlorn, divine attributes
a: no special abilities


You were in the Dungeon.
You visited 1 branch

Inventory:

Armour
 a - a +0 robe (worn)
Jewellery
 k - a +2 ring of evasion
 l - a +3 ring of strength
Wands
 j - a wand of acid (10)
Scrolls
 h - a scroll of blinking
 i - 2 scrolls of amnesia
Potions
 b - a potion of lignification
 c - 5 potions of curing
 d - 3 potions of heal wounds
 e - a potion of haste
 f - 4 potions of magic
 g - a potion of invisibility


   Skills:
 + Level 1.5 Fighting
 + Level 4.3 Dodging
 + Level 1.6 Stealth
 + Level 7.3 Unarmed Combat
 + Level 3.7 Spellcasting
 + Level 3.6 Transmutations


You had 9 spell levels left.
You knew the following spells:

 Your Spells              Type           Power      Damage    Failure   Level
a - Beastly Appendage     Tmut           26%        N/A       4%          1

Your spell library contained the following spells:

 Spells                   Type           Power      Damage    Failure   Level
 Wereblood                Tmut           13%        N/A       6%          2
 Spider Form              Tmut/Pois      8%         N/A       26%         3
 Ice Form                 Ice/Tmut       8%         N/A       65%         4


Dungeon Overview and Level Annotations

Branches:
Dungeon (1/1)


Innate Abilities, Weirdness & Mutations

You have an increased reservoir of magic. (+10% MP)
You shall have no god before yourself.
Your divine heritage dramatically boosts your attributes as you level up.


Message History

There is a glowing silver altar of Zin here.
There is a glowing golden altar of the Shining One here.
You open the door.
Found five items.
Found a +1 chain mail.
There is an open door here.
Found a +2 ring of evasion.
You recover from your berserk rage.
f - 4 potions of magic (gained 2);
g - a potion of invisibility
d - 3 potions of heal wounds (gained 2);
c - 5 potions of curing (gained 4)
Found a +3 ring of strength.
i - 2 scrolls of amnesia;
h - 2 scrolls of blinking (gained 1)
j - a wand of acid (10)
Items here: )))))).
You see here a +0 pair of boots.
You see here a +0 cloak.
You see here a +1 chain mail.
k - a +2 ring of evasion
l - a +3 ring of strength As you open the door, it creaks loudly!
A kobold brigand, 2 centaurs, a hornet and an acid dragon come into view.
The kobold brigand is wielding a +0 dagger and quivering poisoned darts.
The hornet buzzes angrily.
The centaur shouts!
The kobold brigand shouts!
The centaur shouts!
Something hits you.
Deactivating autopickup; reactivate with Ctrl-A.
The centaur wields a +0 shortbow.
The centaur shoots an arrow.
The arrow hits you. Something barely misses you.
The centaur shoots an arrow.
The arrow barely misses you.
Unknown command.
Unknown command.
Blink to where?
Press: ? - help, Dir - move target
As you read the scroll of blinking, it crumbles to dust.
Unknown command.
There is an open door here.
Something hits you but does no damage. Something hits you!
* * * LOW HITPOINT WARNING * * *
Something hits you!
You die... ▓▓▓▓▓▓▓▓▓▓▓▓▓▓▓▓▓▓▓▓▓▓▓▓▓▓▓▓▓▓▓▓▓ ________________@'..).[[[..'.cKcy ▓▓▓▓▓▓▓▓▓▓▓▓▓▓▓▓▓▓▓▓▓▓▓▓▓▓▓▓▓▓▓▓▓

There were no monsters in sight!

Vanquished Creatures
  An ice beast (D)
  A scorpion (D)
  A white imp (D)
  An orc (D)
  A ball python (D)
  2 goblins (D)
  A quokka (D)
  A bat (D)
  A rat (D)
10 creatures vanquished.

Notes
Turn   | Place    | Note
-------+----------+-------------------------------------------
     0 | D        | mhtbhm the Demigod Transmuter began the quest for the Orb.
     0 | D        | Reached XP level 1. HP: 15/15 MP: 5/5
    10 | D        | Reached skill level 3 in Unarmed Combat
    43 | D        | Noticed an ice beast
    43 | D        | Noticed a scorpion
    51 | D        | Killed an ice beast
    52 | D        | Reached skill level 1 in Fighting
    52 | D        | Reached skill level 1 in Stealth
    52 | D        | Reached skill level 6 in Unarmed Combat
    52 | D        | Reached XP level 2. HP: 16/23 MP: 4/8
    52 | D        | Reached XP level 3. HP: 20/28 MP: 5/10
    52 | D        | Reached XP level 4. HP: 25/35 MP: 5/11
    54 | D        | Reached skill level 7 in Unarmed Combat
   108 | D        | Noticed a centaur
   108 | D        | Noticed a kobold brigand
   108 | D        | Noticed a centaur
   108 | D        | Noticed a hornet
   108 | D        | Noticed an acid dragon
   112 | D        | Slain by an unseen horror

Illustrated notes

Levels and vault maps discovered:
D:        linesprint [early_d, line_temple, items_1, d_10, items_2, lair_1,
          lair_end, items_3, orc_1, orc_end, items_4, d_15, swamp_1, shoals_1,
          snake_1, spider_1, d_20, vaults_1, items_5, swamp_end, shoals_end,
          snake_end, spider_end, vaults_end, d_27, items_6, zot_1, zot_end,
          crypt_end, forest_end, elf_end, slime_end, tomb_end, abyss_end,
          pan_hell_end]

Skill      XL: |  1  2  3  4 |
---------------+-------------+-----
Dodging        | 3 4 |  4.3
Unarmed Combat | 6 7 |  7.3
Spellcasting   | 3 |  3.7
Transmutations | 3 |  3.6
Fighting       | 1 |  1.5
Stealth        | 1 |  1.6

Action                   |  1- 3 |  4- 6 || total
-------------------------+-------+-------++-------
Melee: Unarmed           |    14 |     3 ||    17
       Kick              |     3 |     1 ||     4
       Headbutt          |     1 |     2 ||     3
       Punch             |     1 |       ||     1
 Cast: Beastly Appendage |     2 |       ||     2
  Use: Potion            |     1 |       ||     1
       Scroll            |       |     1 ||     1
 Stab: Sleeping          |     1 |       ||     1
Armor: Robe              |     3 |     1 ||     4
Dodge: Dodged            |     5 |     3 ||     8

Table legend: (Time is in decaauts)
 A = Elapsed time spent in this place.
 B = Non-inter-level travel time spent in this place.
 C = Inter-level travel time spent in this place.
 D = Time resting spent in this place.
 E = Time spent auto-exploring this place.
 F = Levels seen in this place.
 G = Mean time per level.
                   A        B        C        D        E       F      G
               +--------+--------+--------+--------+--------+-----+--------+
         Total |    119 |    119 |      0 |     23 |      3 |   1 |  119.0 |
       Dungeon |    119 |    119 |      0 |     23 |      3 |   1 |  119.0 |
               +--------+--------+--------+--------+--------+-----+--------+

Top non-repeatable levels by time:
       D: 119 daAuts
